 Dungeon Crawl Stone Soup version 0.31-a0-441-g867994ef1c (webtiles) character file.

Game seed: 16828470489454168172

396798 Shard1697 the Bewitcher (level 22, -3/152 (157) HPs)
             Began as a Demonspawn Artificer on Aug 2, 2023.
             Was the Champion of Hepliaklqana.
             Killed by the air
             ... invoked by a spriggan air mage
              (31 damage)
             ... on level 2 of the Depths.
             The game lasted 02:13:53 (54564 turns).

Shard1697 the Bewitcher (Demonspawn Artificer)     Turns: 54564, Time: 02:13:54

HP:   -3/152 (157)  AC: 39    Str: 19    XL:     22   Next: 20%
MP:   34/34         EV: 14    Int: 17    God:    Hepliaklqana [******]
Gold: 1226          SH:  5    Dex: 14    Spells: 17/37 levels left

rFire   + + .        a - +9 demon whip (chaos)
rCold   + . .        (no shield)
rNeg    . . .        V - +8 chain mail {Will+}
rPois   +            W - +2 helmet
rElec   +            H - +2 cloak
rCorr   +            (gloves unavailable)
SInv    .            E - +1 pair of boots
Will    ++...        o - amulet of reflection
Stlth   +            y - +4 ring of slaying
HPRegen 0.45/turn    j - +4 ring of protection
MPRegen 0.24/turn

%: reflection
@: resistant, studying Hexes, lightly drained
A: reduced essence, molten scales 3, ignite blood 3, demonic magic 3, demonic
touch 3
}: 2/15 runes: barnacled, gossamer
a: Renounce Religion, Recall Ancestor, Ancestor Identity, Transference, Idealise


You were on level 2 of the Depths.
You worshipped Hepliaklqana.
Hepliaklqana was exalted by your worship.
You visited 8 branches of the dungeon, and saw 39 of its levels.
You also visited: Bailey, Ice Cave and Wizlab.

You collected 5535 gold pieces.
You spent 4309 gold pieces at shops.

Inventory:

Hand Weapons
 a - a +9 demon whip of chaos (weapon)
 b - a +3 eveningstar of distortion
Armour
 E - a +1 pair of boots (worn)
 H - a +2 cloak (worn)
 V - a +8 chain mail of willpower (worn)
 W - a +2 helmet (worn)
Jewellery
 j - a +4 ring of protection (right hand)
 o - an amulet of reflection (around neck)
 u - a ring of flight
 w - a ring of positive energy
 x - a ring of ice
 y - a +4 ring of slaying (left hand)
 A - a ring of poison resistance
 G - a ring of see invisible
 U - the ring of Shadows {Umbra +Inv Stlth+}
   (You found it on level 3 of the Elven Halls)

   [ring of stealth]

   Umbra:     It surrounds you with an aura of shadow, increasing your stealth
   and reducing the accuracy of all others within it.
   +Inv:      It lets you turn invisible.
   Stlth:     It makes you more stealthy.
 X - a ring of resist corrosion
 Y - the ring "Wysiol" {rF+ Dex+6}
   (You found it on level 3 of the Elven Halls)

   [ring of dexterity]

   Dex:       It affects your dexterity (+6).
   rF:        It protects you from fire.
Wands
 h - a wand of iceblast (21)
 r - a wand of charming (53)
 s - a wand of mindburst (44)
 J - a wand of light (14)
 L - a wand of flame (108)
 N - a wand of polymorph (21)
 S - a wand of digging (4)
Scrolls
 c - a scroll of blinking
 g - 3 scrolls of fear
 l - 4 scrolls of fog
 p - 6 scrolls of revelation
 q - 11 scrolls of teleportation
 B - 3 scrolls of vulnerability
 F - 26 scrolls of identify
 R - 2 scrolls of poison
Potions
 d - 8 potions of might
 e - a potion of curing
 f - 8 potions of haste
 i - 5 potions of berserk rage
 k - 4 potions of invisibility
 m - 7 potions of mutation
 n - 7 potions of brilliance
 t - 4 potions of attraction
 z - 6 potions of magic
 C - a potion of enlightenment
 I - 2 potions of cancellation
 K - 4 potions of resistance
 Q - 6 potions of ambrosia
Miscellaneous
 v - a lightning rod (4/4)
 D - a condenser vane
 P - a phial of floods


   Skills:
 - Level 15.0 Fighting
 - Level 15.7 Maces & Flails
 - Level 14.4 Armour
 - Level 14.6 Dodging
 - Level 7.0 Stealth
 + Level 8.3 Spellcasting
 - Level 8.9 Conjurations
 * Level 19.5 Hexes
 - Level 10.0 Translocations
 - Level 5.0 Ice Magic
 - Level 8.0 Air Magic
 - Level 9.8 Invocations
 - Level 3.0 Evocations


You had 17 spell levels left.
You knew the following spells:

 Your Spells              Type           Power      Damage    Failure   Level
a - Slow                  Hex            100%       N/A       0%          1
b - Blink                 Tloc           82%        N/A       1%          2
c - Ensorcelled Hibernat  Hex/Ice        96%        N/A       1%          2
d - Enfeeble              Hex            32%        N/A       13%         7
f - Lesser Beckoning      Tloc           82%        N/A       1%          2
g - Vhi's Electric Charg  Tloc/Air       74%        N/A       3%          3
t - Dazzling Flash        Conj/Hex       100%       N/A       1%          3

Your spell library contained the following spells:

 Spells                   Type           Power      Damage    Failure   Level
 Magic Dart               Conj           100%       1d8       1%          1
 Momentum Strike          Conj/Tloc      78%        3d10      1%          2
 Confusing Touch          Hex            65%        N/A       1%          3
 Portal Projectile        Hex/Tloc       100%       N/A       1%          3
 Tukima's Dance           Hex            65%        N/A       1%          3
 Cause Fear               Hex            32%        N/A       1%          4
 Static Discharge         Conj/Air       70%        2-5/arc   2%          2
 Gell's Gravitas          Tloc           41%        N/A       2%          3
 Inner Flame              Hex/Fire       40%        N/A       2%          3
 Summon Guardian Golem    Hex/Summ       40%        N/A       2%          3
 Teleport Other           Tloc           41%        N/A       2%          3
 Freeze                   Ice            96%        1d10      6%          1
 Kiss of Death            Conj/Necr      88%        2d12      8%          1
 Manifold Assault         Tloc           41%        N/A       8%          4
 Hailstorm                Conj/Ice       30%        3d8       9%          3
 Anguish                  Hex/Necr       20%        N/A       9%          4
 Leda's Liquefaction      Hex/Erth       20%        N/A       9%          4
 Metabolic Englaciation   Hex/Ice        24%        N/A       9%          5
 Iskenderun's Mystic Bla  Conj/Tloc      39%        2d9       10%         4
 Poisonous Vapours        Pois/Air       40%        N/A       14%         2
 Mephitic Cloud           Conj/Pois/Air  26%        N/A       14%         3
 Airstrike                Air            17%        2d(3-19)  17%         4
 Frozen Ramparts          Ice            48%        1d8       19%         3
 Stone Arrow              Conj/Erth      44%        3d9       22%         3
 Cigotuvi's Dreadful Rot  Necr/Pois/Air  32%        N/A       24%         2
 Summon Mana Viper        Hex/Summ       40%        N/A       24%         5
 Arcjolt                  Conj/Air       17%        1d27      38%         5
 Necrotise                Necr           28%        1d5       43%         1
 Sandblast                Erth           14%        2d6       43%         1
 Sting                    Tmut/Pois      28%        1d4       43%         1
 Summon Small Mammal      Summ           28%        N/A       43%         1
 Freezing Cloud           Conj/Ice/Air   15%        6-21      54%         5
 Call Imp                 Summ           14%        N/A       56%         2
 Passwall                 Tmut/Erth      5%         N/A       56%         2
 Sublimation of Blood     Necr           7%         N/A       56%         2
 Wereblood                Tmut           7%         N/A       56%         2
 Summon Lightning Spire   Summ/Air       20%        N/A       65%         4
 Discord                  Hex            32%        N/A       71%         8
 Dispersal                Tloc           20%        N/A       75%         6
 Call Canine Familiar     Summ           7%         N/A       80%         3
 Ignite Poison            Fire/Tmut/Pois 7%         N/A       80%         3
 Vampiric Draining        Necr           7%         2d6       80%         3
 Dispel Undead            Necr           7%         3d8       99%         4
 Olgreb's Toxic Radiance  Pois           7%         N/A       99%         4
 Agony                    Necr           7%         N/A       100%        5
 Death Channel            Necr           3%         N/A       100%        6
 Simulacrum               Ice/Necr       7%         N/A       100%        6
 Haunt                    Necr/Summ      3%         N/A       100%        7
 Malign Gateway           Summ/Tloc      12%        N/A       100%        7
 Orb of Destruction       Conj           18%        9d8       100%        7
 Ozocubu's Refrigeration  Ice            12%        4d10      100%        7
 Spellforged Servitor     Conj/Summ      11%        N/A       100%        7
 Summon Hydra             Summ           3%         N/A       100%        7
 Borgnjor's Revivificati  Necr           3%         N/A       100%        8
 Disjunction              Tloc           20%        N/A       100%        8
 Ignition                 Fire           3%         3d4       100%        8
 Maxwell's Capacitive Co  Air            17%        ∞         100%        8
 Summon Horrible Things   Summ           3%         N/A       100%        8
 Death's Door             Necr           3%         N/A       100%        9
 Polar Vortex             Ice            12%        12d1*     100%        9


Dungeon Overview and Level Annotations

Branches:
Dungeon (15/15)            Temple (0/1) D:5            Lair (5/5) D:11
 Shoals (4/4) Lair:2       Spider (4/4) Lair:3        Slime (0/5) Lair:5
    Orc (2/2) D:9             Elf (3/3) Orc:2        Vaults (4/5) D:13
  Crypt (0/3) Vaults:2     Depths (2/4) D:15         Bailey (visited)
  IceCv (visited)          WizLab (visited)

Altars:
Ashenzari
Cheibriados
Dithmenos
Hepliaklqana
Makhleb
Nemelex Xobeh
Okawaru
Qazlal
Trog
Uskayaw
Vehumet
Wu Jian
Xom
Yredelemnul
Jiyva

Shops:
D:9 [   D:15 ?   Orc:2 ?!:(   Elf:2 [   Shoals:2 !   Vaults:1 (:(   Vaults:3 *

Portals:
Hell: Depths:1 Depths:2
Abyss: Depths:1
Pandemonium: Orc:2 Depths:2
Ziggurat: Depths:1
Trove: Depths:2 (give 2 scrolls of acquirement)

Annotations:
D:10 exclusion: 2 orange crystal statues
Lair:5 1 runed translucent door


Innate Abilities, Weirdness & Mutations

Your life essence is reduced to manifest your ancestor. (-10% HP)
You are completely covered in molten scales. (AC +4, rF+)
Your demonic aura causes all spilled blood to erupt in flames.
Spells you cast and wands you use may paralyse nearby enemies.
Your touch may irresistibly damage your foes and sap their willpower.


Message History

The living lightning hits your butterfly!
Your butterfly dies!
Your butterfly disappears in a burst of colours!
The living lightning hits your butterfly!!
Your butterfly dies!
Your butterfly disappears in a burst of colours!
The living lightning hits you. You resist.
* * * LOW HITPOINT WARNING * * *
The living lightning hits your butterfly!!
Your butterfly dies!
Your butterfly disappears in a burst of colours!
The living lightning misses your butterfly.
The spark wasp blinks!
You feel better.
The spark wasp barely misses your butterfly.
The tengu conjurer hits your butterfly.
Your butterfly dies!
Your butterfly disappears in a burst of colours!
Xochitl is smitten. x2
Okay, then.
Okay, then.
Press: ? - help, v - describe, . - travel
Here: a spark wasp (ally target)
The floor.
Blink to where?
Press: ? - help, Dir - move target
As you read the scroll of blinking, it crumbles to dust.
The spark wasp stings your butterfly!!
Your butterfly dies!
Your butterfly disappears in a burst of colours!
Blink to where?
Press: ? - help, Dir - move target A spriggan air mage comes into view.
As you read the scroll of blinking, it crumbles to dust.
The spriggan air mage shouts!
You hear a shout!
A stone giant comes into view.
Xochitl has departed this plane of existence.
The spriggan air mage waves its arms in wide circles.
The air twists around and strikes you!!
You die...

#........#........'.....
#........#........#.....
#.......###########.....
.........#.......#.........#.....
.........#.......#.........####.#
....##...#.......#.....<.........
..b.##...####'####...............
b.bb##b..#.......................
.by.b....#......@..<...........[[
.........+....................<.[
.§bbb.b(.#...............>.....[.
bb.###Q.§(.......................
?..##b....#####i#####.....#..([..
.bb...##### #.# #####.....[[.
.b..### C.. ###...... .bb## ##.
##....( ..## ##....


You could see a stone giant and a spriggan air mage (repels missiles).

Vanquished Creatures
  Nikola (Spider:1)
  Jorgrun (Elf:2)
  A deep elf master archer (Elf:3)
  Polyphemus (Shoals:4)
  Frances (Shoals:1)
  3 sphinxes
  Kirke (Spider:4)
  A fire giant (Depths:1)
  3 emperor scorpions (Spider:4)
  A frost giant (Depths:2)
  A balrug (Depths:2)
  3 ghost moths (Spider:4)
  A deep elf sorcerer (Elf:1)
  6 vault wardens
  4 deep elf elementalists (Elf:3)
  A reaper (Depths:2)
  5 orc warlords
  A war gargoyle (Vaults:2)
  A broodmother (Spider:3)
  2 formless jellyfish
  10 ironbound preservers
  2 vampire knights
  2 very ugly things (Depths:1)
  4 stone giants
  Azrael (Orc:2)
  7 deep elf annihilators
  4 dire elephants
  3 minotaurs (Shoals:4)
  4 deep elf death magi (Elf:3)
  4 merfolk javelineers (Shoals:3)
  Snorg (Lair:4)
  7 merfolk impalers
  Josephine (D:14)
  2 deep elf high priests (Elf:3)
  A fire dragon (Depths:1)
  7 yaktaur captains
  A great orb of eyes (Vaults:2)
  Erolcha (D:9)
  2 entropy weavers
  7 ironbound frosthearts
  2 rakshasas
  2 vault guards (Vaults:1)
  2 ice dragons (Depths:1)
  A demonspawn (Orc:2)
  2 merfolk avatars
  A ghost crab (WizLab)
  3 hydras
  2 alligator snapping turtles (Shoals:3)
  26 centaur warriors
  An ogre mage (D:13)
  5 catoblepae
  A spriggan air mage (Depths:1)
  A merfolk aquamancer (Shoals:1)
  2 radroaches
  Erica (D:8)
  7 boulder beetles
  3 death knights
  3 tengu warriors
  3 deep troll shamans
  20 death yaks
  2 two-headed ogres
  16 dancing weapons
  13 satyrs
  Urug (Orc:1)
  2 vampire magi
  4 demonic crawlers
  6 orc high priests (Orc:2)
  7 deep elf knights
  A sun demon (Depths:2)
  2 skysharks
  Amaemon (D:10)
  A sun moth (Spider:4)
  2 pharaoh ants
  An iron troll (Depths:1)
  A sixfirhy (Orc:2)
  4 sea snakes
  A spark wasp zombie (Depths:2)
  4 orb spiders
  3 glowing orange brains
  7 lindwurms
  43 deep trolls
  8 ironbound convokers
  2 phantasmal warriors (Depths:1)
  7 steelbarb worms
  8 orc knights
  4 wizards
  5 deep elf archers
  27 harpies
  21 deep elf pyromancers
  5 necromancers
  7 ugly things
  7 cyclopes
  17 deep elf zephyrmancers
  2 moths of wrath (Spider:4)
  7 wolf spiders
  10 fauns
  A moth of wrath (shapeshifter) (Depths:1)
  4 orc sorcerers
  13 manticores
  A human zombie (Vaults:4)
  16 vault sentinels
  3 merfolk sirens
  A guardian serpent (D:10)
  3 water nymphs
  2 rust devils (Orc:2)
  A smoke demon (Orc:2)
  3 black mambas
  A torpor snail (Spider:1)
  15 elephants
  2 orange demons
  Maggie (Lair:1)
  A frost giant skeleton (Depths:2)
  A centaur skeleton (D:15)
  A rime drake (Lair:4)
  18 yaktaurs
  8 cane toads
  2 freezing wraiths (D:13)
  A kobold demonologist (D:13)
  7 komodo dragons
  A queen bee (shapeshifter) (Elf:3)
  3 ice devils (Depths:2)
  2 polar bears (Lair:4)
  30 merfolk
  A meliai (Spider:3)
  5 wind drakes
  15 tarantellas
  7 trolls
  8 blink frogs
  2 stone giant simulacra (Depths:1)
  5 dream sheep
  6 snapping turtles
  19 culicivoras
  4 air elementals
  23 jumping spiders
  18 slime creatures
  A centaur simulacrum (D:15)
  10 wyverns
  10 water elementals
  3 basilisks
  Eustachio (D:4)
  A battlemage (Vaults:2)
  A yak (shapeshifter) (Elf:3)
  4 wraiths
  66 yaks
  A chaos spawn (Orc:2)
  24 redbacks
  A neqoxec (Depths:2)
  2 fire elementals (Elf:1)
  2 steam dragons
  4 vampire mosquitoes
  A glowing shapeshifter zombie (Vaults:4)
  A warg (Orc:1)
  Edmund (D:5)
  A hydra simulacrum (IceCv)
  2 acid dragons
  20 water moccasins
  A meliai simulacrum (D:15)
  3 glowing shapeshifter skeletons (Depths:2)
  31 orc warriors
  2 black bears
  A sky beast (D:7)
  A boggart (D:14)
  7 centaurs
  11 wolves
  8 ogres
  5 kobold brigands
  A gnoll sergeant (D:11)
  12 bullfrogs
  4 scorpions
  10 wights
  4 killer bees
  4 electric eels
  A hound (D:5)
  15 orc priests
  Crazy Yiuf (D:5)
  A jelly (D:7)
  Jessica (D:2)
  2 iguanas
  8 orc wizards
  9 gnolls
  3 adders
  A worm (D:2)
  2 dart slugs
  41 orcs
  5 bats
  3 endoplasms
  3 giant cockroaches
  8 goblins
  5 hobgoblins
  5 jackals
  16 kobolds
  5 ball pythons
  4 frilled lizards
  2 rats (D:1)
  A spectral hobgoblin (D:2)
1116 creatures vanquished.

Vanquished Creatures (collateral kills)
  Mara (Spider:4)
  Zenata (Vaults:1)
  A deep elf blademaster (Elf:3)
  Asterion (Spider:3)
  2 sphinxes
  A deep elf master archer (Elf:3)
  A storm dragon (Depths:2)
  A frost giant (D:12)
  2 vault wardens
  3 emperor scorpions (Spider:4)
  3 deep elf elementalists
  A very ugly thing (Depths:1)
  9 ironbound preservers
  4 stone giants
  2 ironbound thunderhulks (Vaults:4)
  3 deep elf annihilators (Elf:3)
  3 dire elephants
  A deep elf death mage (Elf:3)
  2 merfolk impalers
  3 fire dragons
  2 entropy weavers
  2 great orbs of eyes (Vaults:2)
  A hydra (D:15)
  3 deep elf high priests (Elf:3)
  An ice dragon (Depths:1)
  A spriggan air mage (Depths:2)
  A rakshasa (D:10)
  2 vault guards
  An ironbound frostheart (Vaults:2)
  A merfolk avatar (Shoals:4)
  7 two-headed ogres
  A merfolk aquamancer (Shoals:1)
  5 centaur warriors
  A radroach (Spider:2)
  2 catoblepae
  3 satyrs
  2 deep troll earth magi
  4 demonic crawlers
  2 orc high priests
  A death yak (Lair:5)
  22 dancing weapons
  5 deep elf knights
  A pharaoh ant (Spider:4)
  A death drake (WizLab)
  15 deep trolls
  6 orb spiders
  A shadow demon (Depths:2)
  2 wizards
  Pikel (D:5)
  5 orc knights
  4 lindwurms
  2 steelbarb worms
  8 harpies
  4 ironbound convokers
  2 deep elf archers
  4 deep elf pyromancers
  8 deep elf zephyrmancers
  5 wolf spiders
  A golden dragon skeleton (Depths:1)
  2 orc sorcerers (Orc:2)
  2 ugly things (Vaults:1)
  4 manticores
  A frost giant zombie (Depths:2)
  2 cyclopes (D:12)
  A moth of wrath (Spider:4)
  A rust devil (Depths:2)
  A sphinx skeleton (Depths:2)
  A water nymph (Shoals:1)
  2 fauns (Shoals:4)
  An apocalypse crab (WizLab)
  4 elephants
  5 merfolk sirens (Shoals:3)
  3 vault sentinels
  A naga mage (D:15)
  An unseen horror (D:12)
  A komodo dragon (Lair:4)
  5 yaktaurs
  A freezing wraith (D:13)
  An ice devil (Depths:2)
  A hellwing (Orc:2)
  10 merfolk
  5 meliai (Spider:3)
  8 tarantellas
  2 wind drakes
  Grinder (D:4)
  4 blink frogs
  3 snapping turtles
  2 dream sheep (Shoals:2)
  A fire giant simulacrum (Depths:2)
  A ynoxinul (Depths:2)
  21 jumping spiders
  13 slime creatures
  A centaur simulacrum (D:15)
  3 water elementals
  An air elemental (WizLab)
  20 yaks
  6 culicivoras
  2 wraiths (D:14)
  A wyvern (Lair:3)
  A steam dragon (D:6)
  A fire elemental (Orc:2)
  A death yak simulacrum (IceCv)
  23 redbacks
  A warg (Orc:2)
  2 vampire mosquitoes
  2 acid dragons
  2 water moccasins
  3 hell hounds (Orc:2)
  A floating eye (Depths:1)
  8 orc warriors
  3 ogres (D:12)
  2 centaurs
  2 wolves
  3 boggarts
  A human skeleton (Vaults:4)
  2 bullfrogs
  An earth elemental (Elf:3)
  A scorpion (D:6)
  2 cane toad simulacra (IceCv)
  2 wights
  6 killer bees
  An electric eel (Lair:4)
  14 orc priests
  4 hounds
  A jelly (D:6)
  An iguana (D:6)
  2 gnoll boudas
  8 orc wizards
  A wolf simulacrum (IceCv)
  3 gnolls
  5 adders
  A white imp (D:5)
  40 orcs
  A ball python (D:4)
  2 giant cockroaches (D:4)
  3 goblins (D:8)
  2 hobgoblins (D:4)
  2 jackals (D:4)
  10 kobolds
  A rat (D:2)
503 creatures vanquished.

Vanquished Creatures (others)
  A deep elf high priest (Elf:3)
  A merfolk aquamancer (Shoals:3)
  A harpy (Shoals:4)
  A merfolk (Shoals:3)
  5 humans (Spider:4)
  42 battlemagi
  An orc (Orc:2)
52 creatures vanquished.

Grand Total: 1671 creatures vanquished

Notes
Turn   | Place    | Note
-------+----------+-------------------------------------------
     0 | D:1      | Shard1697 the Demonspawn Artificer began the quest for the
                  | Orb.
     0 | D:1      | Reached XP level 1. HP: 15/15 MP: 1/1
    72 | D:1      | Reached skill level 1 in Maces & Flails
   212 | D:1      | Gained mutation: Your touch may inflict minor irresistible
                  | damage on your foes. [demonic ancestry]
   212 | D:1      | Reached XP level 2. HP: 14/21 MP: 2/2
   664 | D:1      | Reached XP level 3. HP: 22/26 MP: 3/3
  1167 | D:2      | Found a faded altar of an unknown god.
  1175 | D:2      | Prayed at the altar of an unknown god.
  1175 | D:2      | Became a worshipper of Hepliaklqana the Forgotten
  1175 | D:2      | Reached * piety under Hepliaklqana
  1496 | D:2      | Gained mutation: Spells you cast may paralyse adjacent
                  | enemies. [demonic ancestry]
  1496 | D:2      | Reached XP level 4. HP: 17/24 MP: 4/4
  1661 | D:2      | Noticed Jessica
  1672 | D:2      | Killed Jessica
  2458 | D:3      | Found an iron altar of Okawaru.
  2470 | D:3      | Identified the +1 robe "Xubyag" {Will+ Str+3}
  2635 | D:3      | Gained mutation: Your demonic aura sometimes causes spilled
                  | blood to erupt in flames. [demonic ancestry]
  2635 | D:3      | Reached XP level 5. HP: 31/35 MP: 5/5
  3030 | D:4      | Noticed Eustachio
  3032 | D:4      | Reached ** piety under Hepliaklqana
  3033 | D:4      | Remembered your ancestor Xochitl as a battlemage
  3044 | D:4      | Killed Eustachio
  3045 | D:4      | Gained mutation: Spells you cast may paralyse nearby
                  | enemies. [demonic ancestry]
  3045 | D:4      | Reached XP level 6. HP: 40/43 MP: 6/6
  3088 | D:4      | Noticed Grinder
  3106 | D:4      | Killed Grinder
  3107 | D:4      | Reached skill level 5 in Maces & Flails
  3107 | D:4      | Reached XP level 7. HP: 47/49 MP: 7/7
  3405 | D:4      | Learned a level 1 spell: Slow
  3406 | D:5      | Entered Level 5 of the Dungeon
  3406 | D:5      | Noticed Edmund
  3411 | D:5      | Killed Edmund
  3411 | D:5      | Noticed Pikel
  3412 | D:5      | Reached skill level 5 in Fighting
  3412 | D:5      | Reached skill level 1 in Hexes
  3417 | D:5      | Killed Pikel
  3418 | D:5      | Reached skill level 3 in Hexes
  3418 | D:5      | Gained mutation: You are partially covered in molten
                  | scales. (AC +2) [demonic ancestry]
  3418 | D:5      | Reached XP level 8. HP: 41/57 MP: 8/8
  3595 | D:5      | Found a staircase to the Ecumenical Temple.
  3878 | D:5      | Found a radiant altar of Vehumet.
  3926 | D:5      | Found a runed translucent door.
  3927 | D:5      | Noticed Crazy Yiuf
  4158 | D:5      | Identified the +1 ring mail of Inaction {-Cast rC+ Dex+3}
  4233 | D:5      | Killed Crazy Yiuf
  4717 | D:6      | Reached skill level 4 in Hexes
  4921 | D:6      | Reached XP level 9. HP: 38/64 MP: 6/9
  4945 | D:6      | Reached skill level 5 in Hexes
  5083 | D:6      | Learned a level 2 spell: Lesser Beckoning
  5252 | D:6      | Reached *** piety under Hepliaklqana
  5270 | D:6      | Reached skill level 1 in Translocations
  5437 | D:6      | Identified a scroll of acquirement
  5437 | D:6      | Acquired a +6 ring of dexterity
  5912 | D:7      | Found a basalt altar of Yredelemnul.
  5914 | D:7      | Noticed a profane servitor
  6742 | D:7      | Noticed an angel
  7001 | D:8      | Found a flagged portal.
  7003 | D:8      | Noticed Erica
  7067 | D:8      | Killed Erica
  7068 | D:8      | Reached XP level 10. HP: 47/73 MP: 10/10
  7139 | Bailey   | Entered a bailey
  7344 | Bailey   | Noticed an orc knight
  7392 | Bailey   | Killed an orc knight
  7397 | Bailey   | Noticed an orc knight
  7470 | Bailey   | Killed an orc knight
  7546 | Bailey   | Reached skill level 6 in Hexes
  8584 | D:9      | Noticed Erolcha
  8588 | D:9      | Killed Erolcha
  8589 | D:9      | Reached skill level 10 in Fighting
  8808 | D:9      | Found a staircase to the Orcish Mines.
  8843 | D:9      | Reached **** piety under Hepliaklqana
  9066 | D:9      | Found Akuzeck's Armour Emporium.
  9132 | D:9      | Found an ornate altar of the Wu Jian Council.
  9138 | D:9      | Reached XP level 11. HP: 81/81 MP: 8/11
  9150 | D:9      | Reached skill level 7 in Hexes
  9284 | D:10     | Entered Level 10 of the Dungeon
  9320 | D:10     | Reached skill level 10 in Maces & Flails
  9407 | D:10     | Noticed a rakshasa
  9691 | D:10     | Reached skill level 1 in Dodging
  9704 | D:10     | Reached skill level 1 in Invocations
  9741 | D:10     | Killed a rakshasa
 10068 | D:10     | Found a stormy altar of Qazlal.
 10094 | D:10     | Found a snail-covered altar of Cheibriados.
 10094 | D:10     | Found a sparkling altar of Nemelex Xobeh.
 10101 | D:10     | Found a burning altar of Makhleb.
 10103 | D:10     | Found a broken altar of Ashenzari.
 10105 | D:10     | Found a bloodstained altar of Trog.
 10167 | D:10     | Found a shimmering altar of Xom.
 10416 | D:10     | Found a shadowy altar of Dithmenos.
 10440 | D:10     | Noticed an orange crystal statue
 10440 | D:10     | Noticed an orange crystal statue
 10627 | D:11     | Noticed Amaemon
 10641 | D:10     | Killed Amaemon
 11089 | D:11     | Found a frozen archway.
 11101 | IceCv    | Entered an ice cave
 11106 | IceCv    | Reached skill level 5 in Invocations
 11153 | IceCv    | Noticed a white ugly thing
 11160 | IceCv    | Killed a white ugly thing
 11293 | D:11     | Noticed a two-headed ogre
 11308 | D:11     | Killed a two-headed ogre
 11345 | D:11     | Reached XP level 12. HP: 83/87 MP: 13/16
 11732 | D:11     | Found a staircase to the Lair.
 11855 | Lair:1   | Entered Level 1 of the Lair of Beasts
 11877 | Lair:1   | Reached skill level 5 in Dodging
 12008 | Lair:1   | Reached ***** piety under Hepliaklqana
 12017 | Lair:1   | Found a hide-covered altar of Uskayaw.
 12018 | Lair:1   | Noticed a boulder beetle
 12022 | Lair:1   | Found an ornate altar of the Wu Jian Council.
 12036 | Lair:1   | Killed a boulder beetle
 12174 | Lair:1   | Noticed Maggie
 12180 | Lair:1   | Killed Maggie
 12372 | Lair:1   | Noticed a catoblepas
 12467 | Lair:1   | You fall into a shaft and drop 1 floor!
 12475 | Lair:2   | Killed a catoblepas
 12940 | Lair:2   | Found a staircase to the Shoals.
 13134 | Lair:2   | Gained mutation: Your demonic aura often causes spilled
                  | blood to erupt in flames. [demonic ancestry]
 13134 | Lair:2   | Reached XP level 13. HP: 92/92 MP: 20/20
 14164 | Lair:3   | Reached skill level 5 in Armour
 14169 | Lair:3   | Gained mutation: Your demonic aura causes all spilled blood
                  | to erupt in flames. [demonic ancestry]
 14169 | Lair:3   | Reached XP level 14. HP: 91/99 MP: 16/21
 14726 | Lair:3   | Found a hole to the Spider Nest.
 15020 | Lair:4   | Noticed Snorg
 15028 | Lair:4   | Killed Snorg
 15029 | Lair:4   | Reached skill level 10 in Dodging
 15374 | D:9      | Bought a +2 chain mail of willpower for 301 gold pieces
 15683 | Lair:4   | Reached skill level 5 in Translocations
 15802 | Lair:4   | Reached ****** piety under Hepliaklqana
 16323 | Lair:4   | Identified the +1 ring mail of the Peculiar People {Str+2
                  | Dex+5}
 16719 | Lair:5   | Entered Level 5 of the Lair of Beasts
 17230 | Lair:5   | Found a runed translucent door.
 17230 | Lair:5   | Found a viscous altar of Jiyva.
 17230 | Lair:5   | Found a staircase to the Slime Pits.
 17371 | Lair:5   | Gained mutation: Spells you cast and wands you use may
                  | paralyse nearby enemies. [demonic ancestry]
 17371 | Lair:5   | Reached XP level 15. HP: 103/103 MP: 22/22
 17413 | Lair:5   | Learned a level 2 spell: Ensorcelled Hibernation
 17417 | Lair:5   | Learned a level 3 spell: Vhi's Electric Charge
 17442 | Lair:5   | Reached skill level 1 in Ice Magic
 17476 | Lair:5   | Reached skill level 10 in Armour
 17562 | Lair:5   | Reached skill level 8 in Hexes
 18560 | D:12     | Noticed a frost giant
 18572 | D:12     | Killed a frost giant
 18579 | D:12     | Reached skill level 9 in Hexes
 18945 | D:12     | Reached skill level 5 in Ice Magic
 19208 | D:12     | Acquired Sif Muna's Octavo of Fascination
 19214 | D:12     | Learned a level 3 spell: Dazzling Flash
 19316 | D:12     | Reached skill level 1 in Conjurations
 19656 | D:13     | Reached skill level 10 in Hexes
 20318 | D:13     | Found a gate to the Vaults.
 21232 | D:14     | Noticed Josephine
 21240 | D:14     | Killed Josephine
 21241 | D:14     | Reached skill level 5 in Conjurations
 21499 | D:14     | Found an ornate altar of the Wu Jian Council.
 21513 | D:14     | Reached skill level 11 in Hexes
 21781 | D:15     | Entered Level 15 of the Dungeon
 22199 | D:15     | Reached XP level 16. HP: 109/109 MP: 23/23
 22425 | D:15     | Found a staircase to the Depths.
 22511 | D:15     | Found Fiwi's Magic Scroll Boutique.
 22514 | D:15     | Bought a scroll of enchant armour for 112 gold pieces
 22665 | Orc:1    | Entered Level 1 of the Orcish Mines
 22680 | Orc:1    | Noticed Urug
 22691 | Orc:1    | Killed Urug
 22827 | Orc:2    | Entered Level 2 of the Orcish Mines
 23510 | Orc:2    | Found a staircase to the Elven Halls.
 23638 | Orc:2    | Noticed Azrael
 23658 | Orc:2    | Killed Azrael
 24047 | Orc:2    | Found Tikyfu Qips's Magic Scroll Emporium.
 24049 | Orc:2    | Found Fudemiamp's Distillery.
 24058 | Orc:2    | Reached skill level 12 in Hexes
 24367 | Orc:2    | Bought a scroll of brand weapon for 114 gold pieces
 24367 | Orc:2    | Bought a scroll of enchant armour for 90 gold pieces
 24367 | Orc:2    | Bought a scroll of blinking for 90 gold pieces
 24367 | Orc:2    | Bought a scroll of revelation for 90 gold pieces
 24373 | Orc:2    | Bought 2 potions of cancellation for 224 gold pieces
 24934 | Orc:2    | Found Yfilakko's Book Shop.
 24934 | Orc:2    | Found Qiacwukk's Antique Weapon Boutique.
 24943 | Orc:2    | Found a one-way gate leading to the halls of Pandemonium.
 25371 | Spider:1 | Entered Level 1 of the Spider Nest
 25371 | Spider:1 | Noticed Nikola
 25440 | Shoals:1 | Entered Level 1 of the Shoals
 25625 | D:15     | Bought a scroll of silence for 142 gold pieces
 26124 | Shoals:1 | Identified the +1 scale mail of Beogh {*Corrode rElec rN++
                  | Int+2 Dex-5}
 26325 | Shoals:1 | Reached skill level 13 in Hexes
 26424 | Shoals:1 | Noticed Frances
 26433 | Shoals:1 | Killed Frances
 26434 | Shoals:1 | Reached skill level 1 in Stealth
 27409 | Shoals:2 | Found Beebey's Distillery.
 27501 | Shoals:2 | Bought a potion of might for 56 gold pieces
 27501 | Shoals:2 | Bought a potion of heal wounds for 70 gold pieces
 27501 | Shoals:2 | Bought a potion of might for 56 gold pieces
 27501 | Shoals:2 | Bought a potion of invisibility for 112 gold pieces
 27501 | Shoals:2 | Bought a potion of haste for 140 gold pieces
 28254 | Shoals:3 | Gained mutation: You are mostly covered in molten scales.
                  | (AC +3) [demonic ancestry]
 28254 | Shoals:3 | Reached XP level 17. HP: 116/116 MP: 21/24
 28738 | Shoals:3 | Reached skill level 1 in Air Magic
 30015 | Shoals:3 | Reached skill level 5 in Air Magic
 30317 | Shoals:4 | Entered Level 4 of the Shoals
 31265 | Shoals:4 | Noticed Polyphemus
 31405 | Shoals:4 | Killed Polyphemus
 32038 | Shoals:4 | Got the Incunabulum of Doomed Changes
 32058 | Shoals:4 | Identified the +4 quarterstaff of the World {antimagic,
                  | rElec rN+ Int+5 Dex+3}
 32108 | Shoals:4 | Noticed a kraken
 32274 | Shoals:4 | Got a barnacled rune of Zot
 32728 | Spider:1 | Killed Nikola
 32729 | Spider:1 | Reached skill level 5 in Stealth
 32733 | Spider:1 | Reached XP level 18. HP: 117/124 MP: 16/25
 33393 | Spider:2 | Learned a level 2 spell: Blink
 34400 | Spider:3 | Noticed Asterion
 34816 | Spider:3 | Killed Asterion
 35571 | Spider:3 | Noticed Mara
 35578 | Spider:3 | Noticed Shard1697's illusion
 35893 | Spider:4 | Entered Level 4 of the Spider Nest
 35917 | Spider:3 | Noticed Shard1697's illusion
 35926 | Spider:3 | Noticed Shard1697's illusion
 35938 | Spider:4 | Killed Mara
 36446 | Spider:4 | Noticed Kirke
 36454 | Spider:4 | Killed Kirke
 38126 | Spider:4 | Got a gossamer rune of Zot
 38387 | D:12     | Gained mutation: Your touch may inflict irresistible damage
                  | on your foes. [demonic ancestry]
 38387 | D:12     | Reached XP level 19. HP: 132/132 MP: 23/26
 38426 | Vaults:1 | Entered Level 1 of the Vaults
 38670 | Vaults:1 | Found Kiemiwk's Book Emporium.
 38693 | Vaults:1 | Bought a book of Hexes for 756 gold pieces
 38702 | Vaults:1 | Learned a level 7 spell: Enfeeble
 38785 | Vaults:1 | Found Aheaklea's Weapon Shoppe.
 38953 | Vaults:1 | Reached skill level 10 in Translocations
 39538 | Vaults:1 | Noticed Zenata
 39652 | Vaults:1 | Killed Zenata
 40127 | Vaults:1 | Found Meplirgh's Antique Weapon Emporium.
 41097 | Vaults:2 | Found a staircase to the Crypt.
 41326 | Vaults:2 | You fall into a shaft and drop 2 floors!
 41723 | Vaults:2 | Reached XP level 20. HP: 116/142 MP: 24/27
 43118 | Vaults:3 | Reached skill level 15 in Maces & Flails
 43351 | Vaults:3 | Identified the +7 arbalest of Nunot {freeze, rC- Str-4
                  | Dex+3 SInv}
 43398 | Vaults:3 | Identified the +4 arbalest of Uncertain Death {antimagic,
                  | rC++}
 44217 | Vaults:3 | Found Netseic's General Store.
 44857 | Vaults:4 | Paralysed by a formless jellyfish for 1 turns
 46275 | Elf:1    | Entered Level 1 of the Elven Halls
 46464 | Elf:1    | Identified the +11 long sword of Vuileddi {holy, rF+}
 46538 | Elf:1    | You fall into a shaft and drop 1 floor!
 46761 | Elf:1    | Reached skill level 15 in Fighting
 47180 | Elf:1    | Gained mutation: You are completely covered in molten
                  | scales. (AC +4, rF+) [demonic ancestry]
 47180 | Elf:1    | Reached XP level 21. HP: 111/151 MP: 22/28
 47826 | Elf:2    | Paralysed by an air elemental for 1 turns
 47932 | Elf:2    | Paralysed by an air elemental for 1 turns
 47934 | Elf:2    | Paralysed by an air elemental for 1 turns
 48016 | Elf:2    | Found Zosoira's Armour Boutique.
 48071 | Elf:2    | Reached skill level 14 in Hexes
 48110 | Elf:2    | Found a runed translucent gate.
 48111 | Elf:2    | Found a runed translucent gate.
 48111 | Elf:2    | Found a runed translucent gate.
 48130 | Elf:2    | Noticed Jorgrun
 48140 | Elf:2    | Killed Jorgrun
 48450 | Elf:2    | Acquired the Unrestrained Analects
 48471 | Elf:2    | Paralysed by an air elemental for 1 turns
 49125 | Elf:2    | Reached skill level 5 in Spellcasting
 49457 | Elf:3    | Entered Level 3 of the Elven Halls
 49486 | Elf:3    | Reached skill level 15 in Hexes
 49499 | Elf:3    | Found a magical portal.
 49508 | WizLab   | Entered The Chambers of the Cloud Mage
 49531 | WizLab   | Paralysed by an air elemental for 1 turns
 49622 | WizLab   | Paralysed by an air elemental for 1 turns
 49627 | WizLab   | Paralysed by an air elemental for 1 turns
 49630 | WizLab   | Paralysed by an air elemental for 1 turns
 49985 | Elf:3    | Acquired 669 gold pieces
 50260 | Vaults:1 | Bought a manual of Hexes for 1680 gold pieces
 50350 | Vaults:3 | Bought a scroll of enchant weapon for 127 gold pieces
 50658 | Elf:2    | Bought a +1 pair of boots for 149 gold pieces
 51365 | Elf:3    | Reached skill level 16 in Hexes
 51375 | Elf:3    | Identified the +7 flail "Ockefuacw" {freeze, +Blink rF+
                  | Dex+4}
 51923 | Elf:3    | Reached skill level 17 in Hexes
 52091 | Elf:3    | Identified the +12 great sword of Meamnad {protect, rPois
                  | rC- Int+8 SInv}
 52138 | Elf:3    | Found the ring of Shadows {Umbra +Inv Stlth+}
 52157 | Elf:3    | Identified the +6 broad axe of Resumed Hostilities {pain,
                  | rF+ Str+3 Dex-3 SInv}
 52170 | Elf:3    | Identified the ring "Ceresadgh" {Ice Will- Str+2 Int+3}
 52175 | Elf:3    | Identified the ring "Wysiol" {rF+ Dex+6}
 52181 | Elf:3    | Identified the +6 scimitar "Visyprir" {pain, rElec Will+
                  | Str-4 Stlth+}
 52184 | Elf:3    | Identified the staff "Vodure" {rPois rC+ Will+ rCorr
                  | Poison}
 52185 | Elf:3    | Identified the +8 great sword of Roborchi {freeze, rPois
                  | rF+ Int-3 Dex+2}
 52561 | Depths:1 | Entered Level 1 of the Depths
 52682 | Depths:1 | Found a one-way gateway to a ziggurat.
 52919 | Depths:1 | Reached skill level 18 in Hexes
 53364 | Depths:1 | Found a one-way gate to the infinite horrors of the Abyss.
 53534 | Depths:1 | Found a gateway to Hell.
 53675 | Depths:2 | Gained mutation: Your touch may irresistibly damage your
                  | foes and sap their willpower. [demonic ancestry]
 53675 | Depths:2 | Reached XP level 22. HP: 144/157 MP: 28/33
 53981 | Depths:2 | Reached skill level 19 in Hexes
 54351 | Depths:2 | Found a portal to a secret trove of treasure.
 54564 | Depths:2 | Killed from afar by a spriggan air mage

Illustrated notes

Levels and vault maps discovered:
D:1:      wander_arrival_lonely_grave, layout_loops_cross
D:2:      layout_basic, dreamdust_ecumenical_altar_drowned_temple, uniq_jessica
D:3:      kennysheep_big_flooded_room, layout_loops_corners, okawaru_trees_2
D:4:      layout_rooms, uniq_grinder, uniq_eustachio
D:5:      layout_basic, vehumet_altar_wand_db, elyvilon_altar_5,
          minmay_temple_entry_large_hall, uniq_edmund, uniq_pikel,
          uniq_crazy_yiuf_cottage
D:6:      layout_basic, minmay_misc_feat_pillars
D:7:      layout_loops_corners, grunt_temple_overflow_holy_war
D:8:      layout_loops_ring, enter_bailey_5, uniq_erica
D:9:      layout_loops_ring, mainiacjoe_overflow_cross_hatched, orc_0_dummy,
          serial_shops, kennysheep_mini_moat, uniq_erolcha
D:10:     layout_stronghold, nicolae_overflow_crystal_walls,
          lemuel_coloured_pillars_altar, kennysheep_little_box,
          chequers_temple_overflow_minitemple, david_greed
D:11:     layout_small_grid, david_lair_shrubbed,
          portal_ice_cave_entry_pillars_1, nrook_guardian_serpent_ordinary,
          uniq_amaemon
D:12:     cheibrodos_monumental, layout_irregular_city
D:13:     layout_loops_ring, hangedman_vaults_entry_quadrant_bands,
          nicolae_straight_to_the_point
D:14:     layout_loops_corners, pdpol_wu_jian_five_deadly_venoms, uniq_josephine
D:15:     grunt_enter_depths_magical_seal, layout_cave_pools,
          serial_park_tiny_pond, serial_shops, nicolae_shop_rolled_up
Lair:1:   layout_misc_corridors, nzn_masters_of_martial_movement, uniq_maggie
Lair:2:   layout_regular_city, nicolae_shoals_entry_roost
Lair:3:   layout_chaotic_city, spider_nest_entry_rubble
Lair:4:   beast_lair_carwin_large_2, layout_regular_city, grunt_megastairs_2,
          serial_bayou_shore_b, serial_bayou_shore_b,
          infiniplex_staircase_pool_2, serial_bayou_shore_b, lemuel_fruit_tree,
          uniq_snorg
Lair:5:   evilmike_catoblepas_cave, layout_hall_layers, slime_entry_2,
          chequers_serial_rivers_micro_a, infiniplex_staircase_pool,
          serial_bayou_shore_b
Shoals:1: layout_shoals, uniq_frances
Shoals:2: layout_shoals, serial_shops, shop
Shoals:3: cheibrodos_shoals_epimethial_gifts, layout_shoals,
          nicolae_shoals_songs
Shoals:4: shoals_end_hellmonk_lost_city, uniq_polyphemus
Spider:1: layout_spider_delve, uniq_nikola
Spider:2: layout_spider_delve
Spider:3: nicolae_spider_jumping_over_cracks [nicolae_spider_jumping_sub_stairs,
          nicolae_spider_jumping_sub_plain, nicolae_spider_jumping_sub_narrow,
          nicolae_spider_jumping_sub_notch], uniq_mara, uniq_asterion
Spider:4: grunt_spider_rune_circles, nicolae_spider_webbed_stairs, uniq_kirke
Orc:1:    layout_diamond_mine, uniq_urug
Orc:2:    pf_orc_diabolical, layout_diamond_mine, basic_altar,
          nicolae_orc_sculptors_studio, nicolae_orc_tapped_out, uniq_azrael
Elf:1:    elf_arrival_002, layout_geoelf_diagonals, hangedman_elf_represent
Elf:2:    nicolae_elf_blades_crystal_corner, layout_onion_city, serial_shops,
          shop, uniq_jorgrun
Elf:3:    minmay_elf_hall_spiked, layout_geoelf_octagon, mu_enter_wizlab_4,
          hex_tiny
Vaults:1: nicolae_vaults_spaceships, nicolae_vaults_surprise_closet, v_rooms_1,
          nicolae_vaults_double_plus_1, hangedman_vaults_corner,
          nicolae_vaults_tetromino_Z_1, vaults_standard_mumra_x,
          nicolae_vaults_tangram_1, nicolae_vaults_asterisk,
          nicolae_vaults_surprise_closet, layout_vaults_omnigrid, serial_shops,
          nicolae_shop_just_a_little_nook, shop, nicolae_lakefront_shop,
          uniq_zenata
Vaults:2: minmay_crypt_entry_simple_sparse, nicolae_vaults_heart-shaped_vault,
          vaults_dpeg_cross, vaults_mumra_hex, nicolae_vaults_theta,
          nicolae_vaults_ellipses_ellipsis, nicolae_vaults_storage_room_doors,
          hangedman_vaults_hat, nicolae_vaults_display_case,
          nicolae_vaults_twisting_passages, ontoclasm_vaults_gateway, v_misc_18,
          nicolae_vaults_storage_room_statues, ontoclasm_vaults_pinch,
          layout_vaults_maze
Vaults:3: nicolae_vaults_sealed_display, hangedman_vaults_nails,
          ontoclasm_vaults_echo, v_alt_pattern_1, v_misc_3,
          hangedman_vaults_maws, vaults_room_door_ring, vaults_room_fancy_cross,
          nicolae_vaults_yaktaur_gun_rack, nicolae_vaults_angled_halls,
          vaults_room_corners, layout_vaults_ring, serial_shops,
          nicolae_shop_just_a_little_nook
Vaults:4: vaults_room_corners, vaults_room_door_hall,
          nicolae_vaults_storage_closets_2, nicolae_vaults_lightning_bolt,
          grunt_vaults_swirl, grunt_vaults_funnel, grunt_vaults_hallway_long,
          vaults_room_pool, vaults_standard_mumra_lines, nicolae_vaults_theta,
          vaults_dpeg_encased_lava, nicolae_vaults_octothorpe,
          layout_vaults_big_cross
Depths:1: layout_basic, enter_ziggurat_c, abyss_entry, pf_hell_entry_tar_spiral,
          serial_bayou_pond_c, zin_treasury
Depths:2: minmay_the_grid_plus_closed [minmay_the_grid_minigrid_medium,
          minmay_the_grid_holed_spiral, minmay_the_grid_tiny_cups,
          minmay_the_grid_zigzag_pyramid, minmay_the_grid_prize_trominoes],
          layout_gridville, pf_dread_powers_of_hell, grunt_pan_entry_in_and_out,
          kennysheep_small_spiral, nicolae_trove_entry_columns

Skill      XL: |  1  2  3  4  5  6  7  8  9 10 11 12 13 14 15 16 17 18 19 20 21 22 |
---------------+-------------------------------------------------------------------+-----
Maces & Flails | 1 2 3 4 5 6 7 8 9 11 12 13 14 15 | 15.7
Fighting       | 2 3 4 6 7 8 10 11 12 13 15 | 15.0
Hexes          | 3 4 5 6 7 11 13 18 19 | 19.5
Translocations | 4 7 8 9 10 | 10.0
Armour         | 2 3 5 9 10 11 12 13 14 | 14.4
Dodging        | 4 8 9 10 11 12 13 14 | 14.6
Invocations    | 6 9 |  9.8
Spellcasting   | 4 7 8 |  8.3
Ice Magic      | 5 |  5.0
Conjurations   | 5 8 |  8.9
Stealth        | 3 5 7 |  7.0
Air Magic      | 8 |  8.0
Evocations     | |  3.0

Action                     |  1- 3 |  4- 6 |  7- 9 | 10-12 | 13-15 | 16-18 | 19-21 | 22-24 || total
---------------------------+-------+-------+-------+-------+-------+-------+-------+-------++-------
  Melee: Club              |   118 |    13 |       |       |       |       |       |       ||   131
         Touch             |    20 |     9 |    28 |    74 |   101 |   263 |   247 |    26 ||   768
         Punch             |     1 |       |     1 |     4 |     8 |    15 |    23 |     4 ||    56
         Whip              |       |    58 |   139 |   122 |       |       |       |       ||   319
         Demon whip        |       |       |       |   159 |   456 |  1197 |  1065 |   105 ||  2982
         Dire flail        |       |       |       |    29 |       |       |       |       ||    29
   Cast: Slow              |       |       |    10 |    45 |    26 |     1 |     4 |       ||    86
         Lesser Beckoning  |       |       |     3 |    13 |    20 |   132 |    46 |     2 ||   216
         Ensorcelled Hiber |       |       |       |       |     9 |    12 |     4 |     1 ||    26
         Dazzling Flash    |       |       |       |       |     3 |    85 |    56 |       ||   144
         Vhi's Electric Ch |       |       |       |       |       |     1 |    49 |     7 ||    57
 Invoke: Ancestor Life: Ba |       |     1 |       |       |       |       |       |       ||     1
         Recall Ancestor   |       |       |     1 |     1 |     2 |     6 |     6 |       ||    16
         Idealise          |       |       |       |       |       |     2 |     7 |       ||     9
  Evoke: Wand              |     5 |       |     8 |    46 |     4 |    20 |    10 |     1 ||    94
         Phial of floods   |       |       |       |       |     1 |       |     1 |       ||     2
         Lightning rod     |       |       |       |       |       |       |     8 |       ||     8
    Use: Scroll            |       |       |    19 |    16 |     8 |    17 |    16 |     6 ||    82
         Potion            |       |       |     3 |     4 |       |    14 |     4 |     5 ||    30
   Stab: Sleeping          |     3 |     4 |     2 |       |       |     1 |     2 |       ||    12
         Distracted        |       |     1 |     1 |    10 |    15 |    19 |    20 |     1 ||    67
         Paralysed         |       |       |     9 |    22 |    20 |   159 |    71 |     1 ||   282
         Petrified         |       |       |       |       |     2 |       |       |       ||     2
         Invisible         |       |       |       |       |     2 |    37 |    13 |       ||    52
         Confused          |       |       |       |       |       |       |     1 |     1 ||     2
 Armour: Leather armour    |    37 |       |       |       |       |       |       |       ||    37
         Robe              |       |    18 |     9 |       |       |       |       |       ||    27
         Chain mail        |       |       |     9 |       |   107 |   708 |   532 |    39 ||  1395
         Steam dragon scal |       |       |    17 |    10 |       |       |       |       ||    27
         Acid dragon scale |       |       |       |    46 |    25 |       |       |       ||    71
  Dodge: Dodged            |    63 |    53 |    62 |   127 |   263 |   684 |   448 |    38 ||  1738
  Block: Other             |     6 |    22 |    27 |    47 |    84 |   245 |   165 |    12 ||   608
         Reflection        |       |       |     3 |     3 |     8 |    15 |    20 |     1 ||    50

Table legend: (Time is in decaauts)
 A = Elapsed time spent in this place.
 B = Non-inter-level travel time spent in this place.
 C = Inter-level travel time spent in this place.
 D = Time resting spent in this place.
 E = Time spent auto-exploring this place.
 F = Levels seen in this place.
 G = Mean time per level.
                   A        B        C        D        E       F      G
               +--------+--------+--------+--------+--------+-----+--------+
         Total |  53615 |  49150 |   4465 |  11857 |  27508 |  42 | 1276.5 |
       Dungeon |  16559 |  14340 |   2219 |   1110 |  10542 |  15 | 1103.9 |
          Lair |   6849 |   6028 |    821 |    829 |   4102 |   5 | 1369.8 |
        Shoals |   6601 |   6428 |    173 |   2668 |   2435 |   4 | 1650.2 |
   Spider Nest |   5338 |   5149 |    189 |   2398 |   1624 |   4 | 1334.5 |
  Orcish Mines |   2638 |   2426 |    212 |    918 |   1023 |   2 | 1319.0 |
   Elven Halls |   5280 |   4930 |    350 |   1687 |   2157 |   3 | 1760.0 |
        Vaults |   7630 |   7147 |    483 |   1480 |   4520 |   4 | 1907.5 |
        Depths |   1916 |   1903 |     13 |    436 |   1001 |   2 |  958.0 |
        Bailey |    565 |    565 |      0 |    217 |    103 |   1 |  565.0 |
      Ice Cave |    108 |    108 |      0 |     30 |      0 |   1 |  108.0 |
        Wizlab |    127 |    127 |      0 |     84 |      0 |   1 |  127.0 |
               +--------+--------+--------+--------+--------+-----+--------+

Top non-repeatable levels by time:
Vaults:1: 2365 daAuts
Shoals:3: 2357 daAuts
Spider:3: 2148 daAuts
Vaults:2: 1983 daAuts
   Orc:2: 1979 daAuts
    D:10: 1851 daAuts
   Elf:3: 1825 daAuts
   Elf:2: 1817 daAuts
Vaults:4: 1733 daAuts
Shoals:2: 1682 daAuts
Shoals:4: 1652 daAuts
   Elf:1: 1638 daAuts
Vaults:3: 1548 daAuts
  Lair:4: 1543 daAuts
  Lair:5: 1428 daAuts
